[ PARTIDA AOE2 · #506902521 ]
UnrankedTeutones vs Gurjaras
Equipo del jugador · VICT
Equipo rival · DERR
[ ANÁLISIS DE REPETICIÓN · EXTRAÍDO DE LA PARTIDA GRABADA ]
Feudal
8:51
Castillos
23:47
Imperial
37:43
| APM promedio | 49.0 |
| APM pico | 88 |
| eAPM promedio | 29.4 |
| Aldeanos / militares | 163 / 71 |
Foco
⚔️ 34.7% · 🌾 65.3%
Knight ×37 · Archer ×23 · Militia ×4 · Trebuchet (Packed) ×3 · Monk ×2 · Skirmisher ×2
Feudal
8:27
Castillos
21:09
Imperial
39:46
| APM promedio | 45.8 |
| APM pico | 93 |
| eAPM promedio | 28.9 |
| Aldeanos / militares | 190 / 40 |
Foco
⚔️ 39.3% · 🌾 60.7%
Chakram Thrower ×21 · Archer ×6 · Mangonel ×5 · Camel Scout ×5 · Monk ×1 · Petard ×1
Mapa de la partida
Recursos iniciales + cada clic de construcción. Líneas = muros · curvas = relieve. ◆ oro · ⬟ piedra · ● bayas · ✦ reliquia · ◌ hueco del cierre
Tu base· Abierta — flanco sin cerrar
Base de MattAtArms· Abierta — flanco sin cerrar
Terreno inicial suavizado · ◌ = hueco del cierre detectado · pasá el cursor para detalles
Inputs por minuto
— manteldon - - MattAtArms
Build order — manteldon
Primeras 150 de 454 acciones detectadas
| 0:00 | Encolar | Villager (Male) |
| 0:01 | Encolar | Villager (Male) |
| 0:01 | Encolar | Villager (Male) |
| 0:01 | Encolar | Villager (Male) |
| 0:04 | Construir | House |
| 0:05 | Construir | House |
| 1:23 | Encolar | Villager (Male) |
| 1:56 | Construir | Lumber Camp |
| 2:02 | Encolar | Villager (Male) |
| 2:02 | Encolar | Villager (Male) |
| 2:02 | Encolar | Villager (Male) |
| 2:03 | Encolar | Villager (Male) |
| 2:03 | Encolar | Villager (Male) |
| 2:45 | Encolar | Villager (Male) |
| 2:46 | Encolar | Villager (Male) |
| 3:04 | Encolar | Villager (Male) |
| 3:04 | Encolar | Villager (Male) |
| 3:33 | Encolar | Villager (Male) |
| 3:33 | Encolar | Villager (Male) |
| 3:48 | Construir | House |
| 3:57 | Encolar | Villager (Male) |
| 3:57 | Encolar | Villager (Male) |
| 4:15 | Encolar | Villager (Male) |
| 4:39 | Encolar | Villager (Male) |
| 4:40 | Encolar | Villager (Male) |
| 5:20 | Encolar | Villager (Male) |
| 5:32 | Construir | Barracks |
| 5:34 | Encolar | Villager (Male) |
| 5:37 | Investigar | Loom |
| 5:44 | Construir | House |
| 6:38 | Investigar | Feudal Age |
| 6:54 | Construir | Palisade Wall |
| 7:13 | Construir | Mining Camp |
| 7:33 | Encolar | Militia |
| 7:33 | Encolar | Militia |
| 7:34 | Encolar | Militia |
| 8:05 | Encolar | Militia |
| 8:10 | Encolar | Villager (Male) |
| 8:22 | Construir | House |
| 8:30 | Construir | Palisade Wall |
| 8:35 | Construir | Palisade Wall |
| 8:51 | Edad | Edad Feudal |
| 8:51 | Construir | Palisade Wall |
| 8:53 | Encolar | Villager (Male) |
| 9:13 | Investigar | Man-at-Arms (upgrade) |
| 9:38 | Encolar | Villager (Male) |
| 9:39 | Encolar | Villager (Male) |
| 9:39 | Encolar | Villager (Male) |
| 10:04 | Construir | Watch Tower |
| 10:11 | Construir | Mining Camp |
| 10:30 | Encolar | Villager (Male) |
| 10:30 | Encolar | Villager (Male) |
| 11:18 | Construir | Mill |
| 11:36 | Construir | Watch Tower |
| 11:44 | Encolar | Villager (Male) |
| 11:59 | Construir | Farm |
| 12:00 | Construir | Farm |
| 12:01 | Construir | Farm |
| 12:35 | Encolar | Villager (Male) |
| 13:01 | Encolar | Villager (Male) |
| 13:13 | Construir | House |
| 13:17 | Encolar | Villager (Male) |
| 13:17 | Encolar | Villager (Male) |
| 13:27 | Construir | Farm |
| 13:30 | Construir | Farm |
| 14:11 | Encolar | Villager (Male) |
| 14:11 | Encolar | Villager (Male) |
| 14:11 | Encolar | Villager (Male) |
| 14:39 | Encolar | Villager (Male) |
| 14:39 | Encolar | Villager (Male) |
| 14:43 | Construir | House |
| 14:59 | Encolar | Villager (Male) |
| 15:03 | Investigar | Double-Bit Axe |
| 15:04 | Investigar | Double-Bit Axe |
| 15:06 | Construir | Archery Range |
| 15:13 | Construir | Palisade Wall |
| 15:38 | Encolar | Villager (Male) |
| 15:39 | Encolar | Villager (Male) |
| 15:42 | Encolar | Villager (Male) |
| 15:51 | Encolar | Villager (Male) |
| 15:51 | Encolar | Villager (Male) |
| 16:02 | Construir | Farm |
| 16:17 | Construir | Palisade Wall |
| 16:18 | Construir | Palisade Wall |
| 16:18 | Construir | Palisade Wall |
| 16:19 | Construir | Palisade Wall |
| 16:19 | Construir | Palisade Wall |
| 16:20 | Construir | Palisade Wall |
| 16:20 | Construir | Palisade Wall |
| 16:21 | Construir | Palisade Wall |
| 16:24 | Construir | Palisade Wall |
| 16:24 | Construir | Palisade Wall |
| 16:25 | Construir | Palisade Wall |
| 16:25 | Construir | Palisade Wall |
| 16:26 | Construir | Palisade Wall |
| 16:26 | Construir | Palisade Wall |
| 16:27 | Construir | Palisade Wall |
| 16:33 | Encolar | Villager (Male) |
| 16:39 | Construir | Palisade Wall |
| 16:41 | Construir | Palisade Wall |
| 16:41 | Construir | Palisade Wall |
| 16:42 | Construir | Palisade Wall |
| 16:42 | Construir | Palisade Wall |
| 16:46 | Encolar | Villager (Male) |
| 16:46 | Encolar | Villager (Male) |
| 16:50 | Construir | House |
| 16:58 | Encolar | Skirmisher |
| 16:58 | Encolar | Skirmisher |
| 17:03 | Construir | Watch Tower |
| 17:09 | Construir | House |
| 17:17 | Construir | Watch Tower |
| 17:24 | Encolar | Villager (Male) |
| 17:33 | Construir | Palisade Wall |
| 17:35 | Encolar | Villager (Male) |
| 17:49 | Encolar | Villager (Male) |
| 17:49 | Encolar | Villager (Male) |
| 17:52 | Construir | Farm |
| 17:53 | Construir | Farm |
| 18:21 | Construir | Watch Tower |
| 18:24 | Encolar | Villager (Male) |
| 18:54 | Encolar | Villager (Male) |
| 18:57 | Construir | Farm |
| 18:58 | Encolar | Villager (Male) |
| 19:05 | Construir | Palisade Wall |
| 19:06 | Construir | Palisade Wall |
| 19:06 | Construir | Palisade Wall |
| 19:07 | Construir | Palisade Wall |
| 19:08 | Construir | Palisade Wall |
| 19:09 | Construir | Palisade Wall |
| 19:09 | Construir | Palisade Wall |
| 19:10 | Construir | Palisade Wall |
| 19:34 | Construir | Watch Tower |
| 19:41 | Encolar | Villager (Male) |
| 19:48 | Construir | Market |
| 20:51 | Construir | House |
| 21:00 | Construir | Outpost |
| 21:07 | Investigar | Castle Age |
| 21:23 | Construir | House |
| 21:48 | Construir | Palisade Wall |
| 21:48 | Construir | Palisade Wall |
| 21:49 | Construir | Palisade Wall |
| 21:49 | Construir | Palisade Wall |
| 21:50 | Construir | Palisade Wall |
| 21:50 | Construir | Palisade Wall |
| 21:51 | Construir | Palisade Wall |
| 21:51 | Construir | Palisade Wall |
| 21:57 | Investigar | Horse Collar |
| 21:57 | Investigar | Horse Collar |
| 21:58 | Encolar | Archer |
| 22:23 | Encolar | Archer |
Build order — MattAtArms
Primeras 150 de 403 acciones detectadas
| 0:00 | Encolar | Villager (Male) |
| 0:00 | Encolar | Villager (Male) |
| 0:01 | Construir | House |
| 0:02 | Construir | House |
| 0:05 | Encolar | Villager (Male) |
| 0:07 | Encolar | Villager (Male) |
| 1:27 | Encolar | Villager (Male) |
| 1:44 | Construir | Mill |
| 1:53 | Encolar | Villager (Male) |
| 2:14 | Encolar | Villager (Male) |
| 2:15 | Encolar | Villager (Male) |
| 2:34 | Encolar | Villager (Male) |
| 2:49 | Construir | House |
| 3:22 | Encolar | Villager (Male) |
| 3:24 | Encolar | Villager (Male) |
| 3:48 | Encolar | Villager (Male) |
| 3:52 | Encolar | Villager (Male) |
| 4:09 | Encolar | Villager (Male) |
| 4:32 | Encolar | Villager (Male) |
| 4:50 | Construir | Lumber Camp |
| 4:53 | Encolar | Villager (Male) |
| 6:01 | Investigar | Loom |
| 6:01 | Investigar | Feudal Age |
| 7:14 | Investigar | Loom |
| 7:33 | Construir | House |
| 7:39 | Construir | Barracks |
| 8:27 | Edad | Edad Feudal |
| 8:33 | Construir | Stable |
| 8:42 | Encolar | Villager (Male) |
| 8:44 | Construir | Archery Range |
| 8:53 | Investigar | Double-Bit Axe |
| 8:56 | Encolar | Villager (Male) |
| 9:14 | Encolar | Villager (Male) |
| 9:23 | Construir | Mining Camp |
| 9:29 | Construir | House |
| 9:32 | Construir | Palisade Wall |
| 9:37 | Construir | Palisade Wall |
| 9:39 | Encolar | Villager (Male) |
| 9:49 | Encolar | Archer |
| 9:49 | Encolar | Archer |
| 9:50 | Encolar | Villager (Male) |
| 9:55 | Construir | Farm |
| 9:56 | Construir | Farm |
| 10:03 | Encolar | Villager (Male) |
| 10:08 | Encolar | Villager (Male) |
| 10:10 | Encolar | Villager (Male) |
| 10:11 | Construir | Farm |
| 10:14 | Encolar | Villager (Male) |
| 10:21 | Encolar | Villager (Male) |
| 10:25 | Construir | Farm |
| 10:26 | Encolar | Villager (Male) |
| 10:32 | Construir | House |
| 10:38 | Construir | Palisade Wall |
| 10:42 | Encolar | Archer |
| 10:42 | Encolar | Archer |
| 10:43 | Encolar | Villager (Male) |
| 11:12 | Encolar | Villager (Male) |
| 11:13 | Construir | House |
| 11:15 | Construir | House |
| 11:22 | Encolar | Villager (Male) |
| 11:26 | Construir | Farm |
| 11:26 | Construir | Farm |
| 11:38 | Encolar | Archer |
| 11:46 | Construir | Watch Tower |
| 11:48 | Encolar | Villager (Male) |
| 11:48 | Encolar | Villager (Male) |
| 11:51 | Encolar | Archer |
| 11:58 | Construir | Palisade Wall |
| 12:00 | Encolar | Villager (Male) |
| 12:22 | Encolar | Villager (Male) |
| 12:43 | Encolar | Villager (Male) |
| 12:55 | Construir | Farm |
| 12:56 | Construir | House |
| 13:02 | Encolar | Villager (Male) |
| 13:07 | Construir | Farm |
| 13:08 | Construir | Farm |
| 13:22 | Construir | House |
| 13:22 | Construir | Palisade Wall |
| 13:26 | Encolar | Villager (Male) |
| 13:34 | Encolar | Villager (Male) |
| 13:45 | Construir | Palisade Wall |
| 13:47 | Construir | House |
| 14:00 | Encolar | Villager (Male) |
| 14:27 | Encolar | Villager (Male) |
| 14:32 | Construir | Farm |
| 14:33 | Construir | Farm |
| 14:42 | Encolar | Villager (Male) |
| 14:42 | Encolar | Villager (Male) |
| 14:46 | Construir | Blacksmith |
| 14:49 | Construir | Farm |
| 14:58 | Construir | House |
| 15:09 | Encolar | Villager (Male) |
| 15:19 | Encolar | Villager (Male) |
| 15:33 | Encolar | Villager (Male) |
| 15:40 | Construir | Mining Camp |
| 15:41 | Encolar | Villager (Male) |
| 15:53 | Encolar | Villager (Male) |
| 15:54 | Encolar | Villager (Male) |
| 16:17 | Construir | Palisade Wall |
| 16:19 | Construir | Palisade Wall |
| 16:21 | Encolar | Villager (Male) |
| 16:24 | Construir | Farm |
| 16:25 | Construir | Farm |
| 16:26 | Construir | Farm |
| 16:37 | Construir | Market |
| 16:39 | Encolar | Villager (Male) |
| 16:46 | Encolar | Villager (Male) |
| 16:52 | Construir | Palisade Wall |
| 16:55 | Encolar | Villager (Male) |
| 16:57 | Construir | Palisade Wall |
| 16:59 | Encolar | Villager (Male) |
| 17:06 | Encolar | Villager (Male) |
| 17:08 | Construir | Farm |
| 17:12 | Encolar | Villager (Male) |
| 17:39 | Encolar | Villager (Male) |
| 17:49 | Construir | Blacksmith |
| 17:50 | Encolar | Villager (Male) |
| 18:01 | Construir | Mining Camp |
| 18:06 | Encolar | Villager (Male) |
| 18:19 | Investigar | Fletching |
| 18:26 | Investigar | Castle Age |
| 18:30 | Encolar | Villager (Male) |
| 18:44 | Encolar | Villager (Male) |
| 19:04 | Encolar | Villager (Male) |
| 19:08 | Encolar | Villager (Male) |
| 19:13 | Investigar | Fletching |
| 19:13 | Investigar | Fletching |
| 19:23 | Encolar | Villager (Male) |
| 19:39 | Construir | Palisade Wall |
| 19:40 | Encolar | Villager (Male) |
| 19:42 | Construir | Watch Tower |
| 19:45 | Encolar | Villager (Male) |
| 20:03 | Encolar | Villager (Male) |
| 20:11 | Encolar | Villager (Male) |
| 20:19 | Encolar | Villager (Male) |
| 20:25 | Construir | Archery Range |
| 20:41 | Construir | Farm |
| 21:03 | Encolar | Villager (Male) |
| 21:09 | Edad | Edad de los Castillos |
| 21:18 | Construir | Stable |
| 21:19 | Investigar | Scale Barding Armor |
| 21:22 | Encolar | Villager (Male) |
| 21:45 | Encolar | Villager (Male) |
| 21:53 | Encolar | Villager (Male) |
| 21:57 | Encolar | Villager (Male) |
| 22:06 | Encolar | Villager (Male) |
| 22:24 | Construir | Castle |
| 22:27 | Encolar | Villager (Male) |
| 22:35 | Encolar | Villager (Male) |
| 23:00 | Investigar | Bow Saw |
Cronología de la partida
| 5:32 | manteldon · first_building Barracks |
| 6:54 | manteldon · wall_segment Palisade Wall x3 |
| 7:39 | MattAtArms · first_building Barracks |
| 8:27 | MattAtArms · age_up feudal |
| 8:30 | manteldon · wall_segment Palisade Wall x1 |
| 8:33 | MattAtArms · first_building Stable |
| 8:35 | manteldon · wall_segment Palisade Wall x1 |
| 8:44 | MattAtArms · first_building Archery Range |
| 8:51 | manteldon · age_up feudal |
| 8:51 | manteldon · wall_segment Palisade Wall x1 |
| 9:32 | MattAtArms · wall_segment Palisade Wall x5 |
| 9:37 | MattAtArms · wall_segment Palisade Wall x1 |
| 10:38 | MattAtArms · wall_segment Palisade Wall x8 |
| 11:58 | MattAtArms · wall_segment Palisade Wall x12 |
| 13:22 | MattAtArms · wall_segment Palisade Wall x6 |
| 13:45 | MattAtArms · wall_segment Palisade Wall x7 |
| 15:06 | manteldon · first_building Archery Range |
| 15:13 | manteldon · wall_segment Palisade Wall x10 |
| 16:17 | manteldon · wall_segment Palisade Wall x1 |
| 16:17 | MattAtArms · wall_segment Palisade Wall x4 |
| 16:18 | manteldon · wall_segment Palisade Wall x1 |
| 16:18 | manteldon · wall_segment Palisade Wall x1 |
| 16:19 | manteldon · wall_segment Palisade Wall x1 |
| 16:19 | MattAtArms · wall_segment Palisade Wall x5 |
| 16:19 | manteldon · wall_segment Palisade Wall x1 |
| 16:20 | manteldon · wall_segment Palisade Wall x1 |
| 16:20 | manteldon · wall_segment Palisade Wall x1 |
| 16:21 | manteldon · wall_segment Palisade Wall x1 |
| 16:24 | manteldon · wall_segment Palisade Wall x1 |
| 16:24 | manteldon · wall_segment Palisade Wall x1 |
| 16:25 | manteldon · wall_segment Palisade Wall x1 |
| 16:25 | manteldon · wall_segment Palisade Wall x1 |
| 16:26 | manteldon · wall_segment Palisade Wall x1 |
| 16:26 | manteldon · wall_segment Palisade Wall x1 |
| 16:27 | manteldon · wall_segment Palisade Wall x1 |
| 16:39 | manteldon · wall_segment Palisade Wall x7 |
| 16:41 | manteldon · wall_segment Palisade Wall x1 |
| 16:41 | manteldon · wall_segment Palisade Wall x1 |
| 16:42 | manteldon · wall_segment Palisade Wall x1 |
| 16:42 | manteldon · wall_segment Palisade Wall x1 |
| 16:52 | MattAtArms · wall_segment Palisade Wall x5 |
| 16:57 | MattAtArms · wall_segment Palisade Wall x3 |
| 17:26 | MattAtArms · first_market_sell 100 food |
| 17:33 | manteldon · wall_segment Palisade Wall x6 |
| 17:59 | MattAtArms · first_market_buy 100 wood |
| 19:05 | manteldon · wall_segment Palisade Wall x1 |
| 19:06 | manteldon · wall_segment Palisade Wall x1 |
| 19:06 | manteldon · wall_segment Palisade Wall x1 |
| 19:07 | manteldon · wall_segment Palisade Wall x1 |
| 19:08 | manteldon · wall_segment Palisade Wall x1 |
| 19:09 | manteldon · wall_segment Palisade Wall x1 |
| 19:09 | manteldon · wall_segment Palisade Wall x1 |
| 19:10 | manteldon · wall_segment Palisade Wall x1 |
| 19:39 | MattAtArms · wall_segment Palisade Wall x1 |
| 20:42 | manteldon · first_market_sell 500 wood |
| 20:43 | manteldon · first_market_buy 100 food |
| 21:09 | MattAtArms · age_up castle |
| 21:48 | manteldon · wall_segment Palisade Wall x1 |
| 21:48 | manteldon · wall_segment Palisade Wall x1 |
| 21:49 | manteldon · wall_segment Palisade Wall x1 |
| 21:49 | manteldon · wall_segment Palisade Wall x1 |
| 21:50 | manteldon · wall_segment Palisade Wall x1 |
| 21:50 | manteldon · wall_segment Palisade Wall x1 |
| 21:51 | manteldon · wall_segment Palisade Wall x1 |
| 21:51 | manteldon · wall_segment Palisade Wall x1 |
| 22:24 | MattAtArms · first_building Castle |
| 23:47 | manteldon · age_up castle |
| 24:32 | MattAtArms · wall_segment Palisade Wall x6 |
| 26:39 | MattAtArms · first_building Siege Workshop |
| 27:08 | manteldon · first_building Monastery |
| 29:41 | manteldon · first_building Stable |
| 33:17 | manteldon · first_building Castle |
| 35:32 | MattAtArms · first_building Monastery |
| 37:43 | manteldon · age_up imperial |
| 39:46 | MattAtArms · age_up imperial |
| 42:21 | MattAtArms · resign |
[ ANÁLISIS IA · 1 CRÉDITO ]
¿Qué pasó realmente en esta partida?
Wolo.gg analiza cada decisión: build order, eco, micro, errores típicos por bracket. Análisis personalizado por WhatsApp o Discord en 30 segundos.
Guía civ
Teutones
Perfil
Jugador #1793080